AoeStats
← Fs.Black_

Arena

509495559Analyzed
4v4 RM · 5d ago on Sep 27, 2026· 40m 24s· 8 players
Game mode
Random Map
Map size
Large (8 player)
Population
200
Speed
Normal
Resources
Standard
Victory
Conquest
Starting age
Dark Age
Ending age
Imperial Age
RankedLock teamsTeams togetherTeam positionsShared explorationLock speedFull tech treeHidden civsTurbo modeCheats
Victory
Defeat
🇨🇦 Cumans · Canada
1839
+8
🇧🇷 Khmer · Brazil
1678
+14
🇧🇷 Britons · Brazil
1666
+15
🇧🇷 Spanish · Brazil
1653
+15
🇪🇸 Saxons · Spain
1940
-23
🇳🇱 Spanish · Netherlands
1657
-14
1509
-8
🇨🇳 Teutons · China
1483
-7
Fs.BlinkAoE
4:08 Loom
8:36 Feudal Age
7:47 Loom
10:13 Fletching
33:04 Horse Collar
35:16 Wheelbarrow
34:28 Double-Bit Axe
38:21 Castle Age
37:57 Gold Mining
37:58 Stone Mining
39:28 Hand Cart
40:55 Gold Shaft Mining
40:34 Bow Saw
40:49 Heavy Plow
Floripa
9:48 Feudal Age
9:36 Loom
14:10 Castle Age
24:01 Double-Bit Axe
30:30 Wheelbarrow
30:06 Fletching
31:15 Bow Saw
30:45 Horse Collar
31:26 Bodkin Arrow
31:32 Padded Archer Armor
32:34 Ballistics
35:40 Imperial Age
34:04 Heavy Plow
33:55 Gold Mining
33:55 Stone Mining
34:48 Leather Archer Armor
35:24 Yeomen
36:03 Gold Shaft Mining
37:03 Ring Archer Armor
36:33 Bracer
37:40 Chemistry
37:30 Hand Cart
37:59 Conscription
39:05 Fortified Wall
Fs.Black_
11:01 Feudal Age
14:26 Castle Age
12:23 Horse Collar
15:00 Double-Bit Axe
21:24 Wheelbarrow
22:13 Heavy Plow
22:22 Gold Mining
24:17 Bow Saw
27:38 Imperial Age
25:25 Hand Cart
25:33 Loom
26:48 Padded Archer Armor
27:42 Husbandry
27:53 Bloodlines
27:54 Stone Mining
27:43 Elite Conquistador
29:13 Leather Archer Armor
30:53 Ring Archer Armor
30:19 Capped Ram
31:36 Fletching
31:53 Scale Barding Armor
31:59 Forging
31:10 Light Cavalry
31:22 Siege Ram
33:13 Chain Barding Armor
33:07 Fletching
34:19 Chemistry
36:43 Bodkin Arrow
37:10 Ballistics
36:27 Cavalier
37:43 Iron Casting
38:13 Plate Barding Armor
37:57 Paladin
39:16 Conscription
40:00 Blast Furnace
Fs.churacoRS
10:58 Feudal Age
13:39 Castle Age
11:22 Horse Collar
11:48 Double-Bit Axe
14:33 Bow Saw
17:40 Scale Barding Armor
23:04 Husbandry
23:52 Wheelbarrow
28:23 Imperial Age
25:40 Loom
25:42 Town Watch
26:34 Chain Barding Armor
27:32 Bloodlines
27:34 Heavy Plow
28:32 Forging
28:35 Gold Mining
28:26 Elite Battle Elephant
31:17 Iron Casting
34:15 Plate Barding Armor
35:26 Blast Furnace
36:53 Fletching
39:44 Conscription
39:56 Tusk Swords
40:02 Bodkin Arrow
veni
6:42 Loom
8:56 Feudal Age
9:44 Double-Bit Axe
10:29 Fletching
11:30 Horse Collar
13:04 Town Watch
21:09 Castle Age
20:41 Stone Mining
20:42 Gold Mining
24:53 Padded Archer Armor
25:35 Bloodlines
31:45 Leather Archer Armor
32:14 Husbandry
34:49 Wheelbarrow
34:51 Bodkin Arrow
42:23 Imperial Age
Moneimon
10:58 Feudal Age
11:48 Horse Collar
14:55 Castle Age
12:51 Double-Bit Axe
16:01 Bow Saw
15:52 Heavy Plow
19:33 Gold Mining
23:17 Stone Mining
25:12 Wheelbarrow
25:49 Loom
29:08 Imperial Age
27:02 Man-at-Arms
27:28 Gambesons
27:43 Squires
27:29 Arson
28:10 Scale Mail Armor
28:21 Forging
28:04 Long Swordsman
29:15 Elite Varangian Guard
29:34 Capped Ram
31:09 Chain Mail Armor
31:30 Iron Casting
31:33 Siege Ram
33:11 Plate Mail Armor
34:45 Two-Man Saw
33:40 Shield Wall
35:07 Pikeman
36:23 Crop Rotation
36:18 Conscription
36:36 Fletching
37:07 Ballistics
37:53 Chemistry
37:05 Town Watch
37:54 Guilds
38:13 Bodkin Arrow
39:05 Long Swordsman
40:08 Bracer
灯窝森曾瑞卜药方松滴
6:20 Loom
8:58 Feudal Age
9:42 Double-Bit Axe
11:39 Fletching
11:50 Padded Archer Armor
26:18 Castle Age
26:39 Crossbowman
27:24 Thumb Ring
27:29 Bodkin Arrow
30:27 Leather Archer Armor
30:41 Gold Mining
30:41 Stone Mining
30:41 Gold Mining
31:32 Bow Saw
31:59 Horse Collar
33:50 Wheelbarrow
帝国孙笑川
9:59 Feudal Age
10:46 Double-Bit Axe
11:02 Horse Collar
16:06 Castle Age
14:52 Bloodlines
16:10 Scale Barding Armor
16:59 Bow Saw
17:53 Gold Mining
27:04 Chain Barding Armor
27:50 Forging
33:53 Imperial Age
31:10 Loom
31:43 Fletching
33:16 Wheelbarrow
32:33 Town Watch
34:27 Iron Casting
33:59 Bodkin Arrow
34:27 Ballistics
34:02 Cavalier
35:19 Plate Barding Armor
35:47 Hand Cart
37:00 Blast Furnace
36:19 Fortified Wall
37:12 Bodkin Arrow
38:20 Chemistry
37:43 Elite Skirmisher
39:16 Padded Archer Armor
Connection lost

Rejoining the realm…

Still unreachable

The connection could not be restored.

Session expired

The server has moved on; the page needs a fresh start.